 Dungeon Crawl Stone Soup version 0.28-a0-906-g0406aca7d3 (webtiles) character file.

Game seed: 2594315116655397728

392244 Anon1729 the Minotaur Blade (level 22, -20/199 (204) HPs)
             Began as a Minotaur Monk on Nov 23, 2021.
             Was the Champion of Dithmenos.
             Killed from afar by a quicksilver dragon (46 damage)
             ... with a bolt of dispelling energy
             ... on level 5 of the Vaults.
             The game lasted 01:49:44 (64414 turns).

Anon1729 the Minotaur Blade (Minotaur Monk)        Turns: 64414, Time: 01:49:45

HP:   -20/199 (204) AC: 29    Str: 31    XL:     22   Next: 11%
MP:   8/33          EV: 24    Int:  4    God:    Dithmenos [******]
Gold: 3639          SH:  5    Dex: 26    Spells: 21/21 levels left

rFire   + . .      SeeInvis .   a - +9 great sword (freeze)
rCold   + . .      Faith    .   (shield currently unavailable)
rNeg    + . .      Spirit   .   Q - +0 shadow dragon scales
rPois   .          Reflect  +   (helmet unavailable)
rElec   +          Harm     .   g - +1 cloak "Nypeonab" {Str+3}
rCorr   +          Rampage  .   F - +2 pair of gloves {archery}
Will    +....                   V - +3 pair of boots "Iphoet" {+Blink rElec} Stlth ****++++++
                                t - amulet of Achaih {Reflect +Blink +Inv Dex+4 SH+5}
HPRegen 0.43/turn               D - ring "Vufusodgh" {rElec rN+ rCorr Str+7 Int-3}
MPRegen 0.23/turn               M - ring of Enaikeergh {rF+ rC+}

@: marked, wreathed by umbra, studying Necromancy, lightly drained
A: horns 3, retaliatory headbutt, agile 1, strong 1
}: 2/15 runes: serpentine, barnacled
a: Renounce Religion, Evoke Blink, Evoke Invisibility, Shadow Step, Shadow Form


You were on level 5 of the Vaults.
You worshipped Dithmenos.
Dithmenos was exalted by your worship.
You visited 8 branches of the dungeon, and saw 40 of its levels.
You visited the Abyss 3 times.
You also visited: Trove, Gauntlet, Ice Cave and Volcano.

You collected 4756 gold pieces.
You spent 1117 gold pieces at shops.

Inventory:

Hand Weapons
 a - a +9 great sword of freezing (weapon)
Missiles
 X - 11 throwing nets (quivered)
Armour
 c - a +4 scale mail of fire resistance
 g - the +1 cloak "Nypeonab" (worn) {Str+3}
   (You found it in a Gauntlet)

   Str:       It affects your strength (+3).
 z - the +3 pair of gloves of the Spider Nest {rN+ Str-3 Int+5}
   (You found it in an ice cave)

   Str:       It affects your strength (-3).
   Int:       It affects your intelligence (+5).
   rN:        It protects you from negative energy.
 F - a +2 pair of gloves of archery (worn)
 Q - +0 shadow dragon scales (worn)
 V - the +3 pair of boots "Iphoet" (worn) {+Blink rElec}
   (You found it on level 2 of the Vaults)

   rElec:     It insulates you from electricity.
   +Blink:    It lets you blink.
Jewellery
 t - the amulet of Achaih (around neck) {Reflect +Blink +Inv Dex+4 SH+5}
   (You found it in a Gauntlet)

   [amulet of reflection]

   It reflects blocked missile attacks.
   Dex:       It affects your dexterity (+4).
   +Inv:      It lets you turn invisible.
   +Blink:    It lets you blink.
   SH:        It affects your SH (+5).
 y - the ring of Birdsong {rN+ Will+ rCorr}
   (You found it in a treasure trove)

   [ring of positive energy]

   rN:        It protects you from negative energy.
   rCorr:     It protects you from acid and corrosion.
   Will:      It increases your willpower.
 D - the ring "Vufusodgh" (left hand) {rElec rN+ rCorr Str+7 Int-3}
   (You found it in a treasure trove)

   [ring of positive energy]

   Str:       It affects your strength (+7).
   Int:       It affects your intelligence (-3).
   rElec:     It insulates you from electricity.
   rN:        It protects you from negative energy.
   rCorr:     It protects you from acid and corrosion.
 K - the ring "Xuskikokh" {Str+4 SInv}
   (You took it off a deep elf archer on level 3 of the Elven Halls)

   [ring of see invisible]

   Str:       It affects your strength (+4).
   SInv:      It lets you see invisible.
 M - the ring of Enaikeergh (right hand) {rF+ rC+}
   (You took it off a deep elf sorcerer on level 3 of the Elven Halls)

   [ring of protection from cold]

   rF:        It protects you from fire.
   rC:        It protects you from cold.
 P - the ring "Abletim" {rPois rF+ Will+ rCorr}
   (You found it in a treasure trove)

   [ring of protection from fire]

   rF:        It protects you from fire.
   rPois:     It protects you from poison.
   rCorr:     It protects you from acid and corrosion.
   Will:      It increases your willpower.
Wands
 r - a wand of paralysis (14)
 x - a wand of flame (129)
 C - a wand of polymorph (44)
 G - a wand of acid (43)
 I - a wand of digging (5)
 L - a wand of iceblast (63)
 R - a wand of charming (22)
Scrolls
 d - 5 scrolls of magic mapping
 h - 10 scrolls of immolation
 k - 12 scrolls of amnesia
 p - 9 scrolls of teleportation
 q - 12 scrolls of enchant armour
 s - 2 scrolls of enchant weapon
 u - 2 scrolls of vulnerability
 w - a scroll of acquirement
 B - 2 scrolls of blinking
 H - 2 scrolls of torment
 N - a scroll of silence
 U - 4 scrolls of holy word
 W - 5 scrolls of fear
 Y - 8 scrolls of fog
Potions
 b - 3 potions of invisibility
 e - 8 potions of ambrosia
 j - 14 potions of attraction
 l - 2 potions of berserk rage
 m - 5 potions of brilliance
 n - 9 potions of curing
 o - 5 potions of magic
 A - 9 potions of haste
 E - 4 potions of lignification
 J - 5 potions of might
 O - a potion of mutation
 S - 5 potions of cancellation
 T - 4 potions of flight
 Z - 2 potions of resistance
Miscellaneous
 f - a condenser vane (inert)
 i - a box of beasts


   Skills:
 + Level 18.9 Fighting
 - Level 0.2(15.6) Short Blades
 * Level 25.4 Long Blades
 - Level 3.9 Axes
 + Level 18.6 Armour
 + Level 17.4 Dodging
 + Level 14.7 Stealth
 * Level 16.6 Invocations


You had 21 spell levels left.
You didn't know any spells.
Your spell library contained the following spells:

 Spells                   Type           Power      Damage    Failure   Level
 Animate Skeleton         Necr           0%         N/A       83%         1
 Apportation              Tloc           0%         N/A       83%         1
 Pain                     Necr           0%         1d4       83%         1
 Shock                    Conj/Air       0%         1d3       83%         1
 Sting                    Tmut/Pois      0%         1d3       83%         1
 Corpse Rot               Necr/Air       0%         N/A       93%         2
 Ensorcelled Hibernation  Hex/Ice        0%         N/A       93%         2
 Poisonous Vapours        Pois/Air       0%         N/A       93%         2
 Static Discharge         Conj/Air       0%         N/A       93%         2
 Wereblood                Tmut           0%         N/A       93%         2
 Confusing Touch          Hex            0%         N/A       99%         3
 Conjure Flame            Conj/Fire      0%         6-21      99%         3
 Dazzling Flash           Conj/Hex       0%         N/A       99%         3
 Gell's Gravitas          Tloc           0%         N/A       99%         3
 Ignite Poison            Fire/Tmut/Pois 0%         N/A       99%         3
 Ozocubu's Armour         Ice            0%         N/A       99%         3
 Portal Projectile        Hex/Tloc       0%         N/A       99%         3
 Swiftness                Air            0%         N/A       99%         3
 Teleport Other           Tloc           0%         N/A       99%         3
 Tukima's Dance           Hex            0%         N/A       99%         3
 Vampiric Draining        Necr           0%         2d6       99%         3
 Airstrike                Air            0%         N/A       100%        4
 Cause Fear               Hex            0%         N/A       100%        4
 Flame Wave               Conj/Fire      0%         3d3       100%        4
 Ice Form                 Ice/Tmut       0%         N/A       100%        4
 Iskenderun's Mystic Bla  Conj/Tloc      0%         2d3       100%        4
 Olgreb's Toxic Radiance  Pois           0%         N/A       100%        4
 Sticky Flame             Conj/Fire      0%         2d3       100%        4
 Summon Ice Beast         Ice/Summ       0%         N/A       100%        4
 Alistair's Intoxication  Tmut/Pois      0%         N/A       100%        5
 Blade Hands              Tmut           0%         N/A       100%        5
 Borgnjor's Vile Clutch   Necr/Erth      0%         N/A       100%        5
 Excruciating Wounds      Necr           0%         N/A       100%        5
 Fireball                 Conj/Fire      0%         3d3       100%        5
 Irradiate                Conj/Tmut      0%         3d13      100%        5
 Lightning Bolt           Conj/Air       0%         1d11      100%        5
 Metabolic Englaciation   Hex/Ice        0%         N/A       100%        5
 Summon Forest            Summ/Tloc      0%         N/A       100%        5
 Summon Mana Viper        Hex/Summ       0%         N/A       100%        5
 Dispersal                Tloc           0%         N/A       100%        6
 Eringya's Noxious Bog    Tmut/Pois      0%         N/A       100%        6
 Simulacrum               Ice/Necr       0%         N/A       100%        6
 Starburst                Conj/Fire      0%         6d3       100%        6
 Statue Form              Tmut/Erth      0%         N/A       100%        6
 Summon Cactus Giant      Summ           0%         N/A       100%        6
 Dragon Form              Tmut           0%         N/A       100%        7
 Malign Gateway           Summ/Tloc      0%         N/A       100%        7
 Monstrous Menagerie      Summ           0%         N/A       100%        7
 Ignition                 Fire           0%         3d3       100%        8
 Summon Horrible Things   Summ           0%         N/A       100%        8
 Chain Lightning          Conj/Air       0%         N/A       100%        9
 Dragon's Call            Summ           0%         N/A       100%        9
 Fire Storm               Conj/Fire      0%         5d1       100%        9
 Shatter                  Erth           0%         3d5*      100%        9


Dungeon Overview and Level Annotations

Branches:
Dungeon (15/15)            Temple (1/1) D:6            Lair (6/6) D:8
 Shoals (4/4) Lair:4        Snake (4/4) Lair:4        Slime (0/5) Lair:6
    Orc (2/2) D:11            Elf (3/3) Orc:2        Vaults (5/5) D:13
  Crypt (0/3) Vaults:2     Depths (0/4) D:15          IceCv (visited)
Volcano (visited)         Gauntlet (visited)

Altars:
Ashenzari
Cheibriados
Dithmenos
Elyvilon
Fedhas
Gozag
Hepliaklqana
Kikubaaqudgha
Makhleb
Nemelex Xobeh
Okawaru
Qazlal
Ru
Sif Muna
Trog
Uskayaw
Vehumet
Wu Jian
Xom
Yredelemnul
Zin
The Shining One
Beogh

Shops:
D:6 (   D:7 ?**   D:11 *   Orc:2 !:[([   Elf:3 !:   Shoals:3 [   Shoals:4 (
Snake:3 *

Portals:
Abyss: D:9

Annotations:
D:9 2 transporters, Stil's ghost, novice DrCA
Snake:3 3 runed translucent doors, exclusion: obsidian statue, sanka's ghost, adept PaAK


Innate Abilities, Weirdness & Mutations

You have a pair of large horns on your head.
You reflexively headbutt those who attack you in melee.
You are agile. (Dex +2)
Your muscles are strong. (Str +2)


Message History

The alligator changes into something you cannot see!
The vault warden activates a sealing rune.
The vault sentinel is engulfed in freezing vapours.
You kill the vault sentinel!
Dithmenos accepts your kill.
The komodo dragon is engulfed in freezing vapours.
The komodo dragon seems to slow down.
Aiming: Corrosive Bolt
Press: ? - help, Shift-Dir - straight line, f - tengu reaver
Aim: a tengu reaver, wielding a +1 vorpal great mace and wearing a +0 ring mail (moderately wounded, umbra, 50% to hit)
The bolt of acid hits the tengu reaver.
The acid corrodes the tengu reaver!
The tengu reaver is moderately wounded.
The bolt of acid hits the vault warden!
The vault warden is severely wounded.
The bolt of acid misses the komodo dragon.
You feel you are being watched by something.
You feel your power leaking away.
You slash the tengu reaver! You freeze the tengu reaver.
Your headbutt misses the tengu reaver.
The tengu reaver is heavily wounded.
The komodo dragon changes into a queen bee!
The vault warden misses you.
You feel you are being watched by something.
You feel your power leaking away.
The tengu reaver points at you and mumbles some strange words.
The bolt of negative energy hits you! You partially resist.
You feel drained.
* * * LOW HITPOINT WARNING * * *
You closely miss the tengu reaver.
The tengu reaver is heavily wounded.
Your shadow closely misses the tengu reaver.
The deep elf annihilator is engulfed in freezing vapours.
The vault warden hits you but does no damage.
Blink to where?
Press: ? - help, Dir - move target, p - tengu reaver A quicksilver dragon comes into view.
As you read the scroll of blinking, it crumbles to dust.
The quicksilver dragon breathes dispelling energy at you.
The bolt of dispelling energy hits you!!!
Your magical effects are unravelling.
You die...

#....##############
#..D...............
#.).)..............
#...^..............
#..................
#..).##############
#..)......
#.)#......
#.@#...### #.=#(..#
#..#...# #..#C..#
#..# .. #°§# #§☼#
#§.# #Q{#


You could see a quicksilver dragon (catching breath).

Vanquished Creatures
  A dread lich (Vaults:2)
  A shard shrike (IceCv)
  The ghost of kae the Brawler, an adept DrTm of Ru (Vaults:2)
  Rupert (D:12)
  A tentacled monstrosity (Vaults:4)
  3 liches
  Mlioglotl (Snake:1)
  A titan (Vaults:5)
  A deep elf master archer (Elf:3)
  4 deep elf blademasters
  Frances (D:14)
  3 krakens
  4 sphinxes
  A tentacled starspawn (Abyss:2)
  Gastronok (Lair:1)
  A storm dragon (Vaults:5)
  Polyphemus (Shoals:3)
  2 tengu reavers
  2 shadow dragons
  Donald (Snake:1)
  11 nagarajas
  Roxanne (D:14)
  The ghost of Tungsten the Imperceptible, an adept SpEn of Dithmenos (Vaults:2)
  A daeva (Abyss:2)
  The ghost of Illot the Black Belt, an adept MfTm of Makhleb (Lair:3)
  6 deep elf sorcerers (Elf:3)
  A fire giant (Vaults:5)
  5 frost giants
  An orc warlord (Orc:2)
  8 vault wardens
  7 deep elf elementalists (Elf:3)
  Aizul (Shoals:4)
  5 very ugly things
  10 ironbound preservers
  A stone giant (Shoals:2)
  A war gargoyle (Vaults:4)
  12 dire elephants
  5 deep elf demonologists
  Azrael (D:11)
  11 deep elf annihilators
  A white draconian (IceCv)
  6 entropy weavers
  2 minotaurs
  4 merfolk javelineers (Shoals:4)
  8 merfolk impalers
  7 deep elf death magi
  2 ettins
  A green death (Gauntlet)
  An ettin (shapeshifter) (D:15)
  Snorg (D:12)
  3 great orbs of eyes
  10 yaktaur captains
  A peacekeeper (Vaults:4)
  Harold (Lair:2)
  An ice dragon (IceCv)
  18 naga warriors
  Fannar (D:10)
  8 ironbound thunderhulks
  5 deep elf high priests
  An ogre mage (Vaults:5)
  Erolcha (D:9)
  26 vault guards
  11 ironbound frosthearts
  5 boulder beetles
  11 centaur warriors
  4 merfolk avatars
  9 hydras
  2 catoblepae
  Erica (Lair:2)
  A death knight (D:12)
  7 death yaks
  2 merfolk aquamancers (Shoals:4)
  22 dancing weapons
  An alligator snapping turtle (Shoals:3)
  14 anacondas
  A satyr (Shoals:4)
  A deep troll earth mage (Vaults:4)
  A tengu warrior (D:15)
  3 orc high priests (Orc:2)
  8 two-headed ogres
  A thrashing horror (Abyss:2)
  Sonja (D:10)
  7 naga sharpshooters
  8 shock serpents
  Urug (Lair:3)
  18 deep elf knights
  A shadow wraith (Vaults:4)
  4 skeletal warriors
  17 sea snakes
  A sea snake (shapeshifter) (Elf:2)
  A salamander mystic (Snake:4)
  3 glowing orange brains
  7 wizards
  26 deep trolls
  2 phantasmal warriors
  2 orange crystal statues
  15 lindwurms
  2 obsidian statues (Elf:2)
  2 orc knights
  12 deep elf archers
  Pikel (D:9)
  11 ironbound convokers
  27 harpies
  29 deep elf zephyrmancers
  6 mana vipers
  6 orc sorcerers
  46 deep elf pyromancers
  23 ugly things
  5 oklob plants (Lair:6)
  A wolf spider (D:15)
  13 cyclopes
  A worldbinder (Abyss:1)
  16 fauns
  3 salamanders
  An ice statue (Gauntlet)
  13 manticores
  26 elephants
  13 naga magi
  11 merfolk sirens
  5 guardian serpents
  5 water nymphs
  An orange demon (Gauntlet)
  8 vault sentinels
  24 black mambas
  An eye of devastation (Abyss:2)
  Psyche (D:9)
  11 cane toads
  Maggie (D:6)
  24 rime drakes
  8 komodo dragons
  27 yaktaurs
  3 freezing wraiths
  A tormentor (Abyss:2)
  An ancient zyme (Abyss:2)
  A tengu conjurer (D:14)
  2 entropy weaver simulacra (D:14)
  20 polar bears
  2 efreet
  2 queen bees
  7 trolls
  29 merfolk
  3 meliai (D:15)
  4 red devils (D:12)
  A jumping spider (Vaults:2)
  7 wind drakes
  3 raiju (Abyss:2)
  A hornet (Lair:6)
  43 slime creatures
  25 dream sheep
  8 snapping turtles
  18 blink frogs
  4 large abominations
  8 water elementals
  An air elemental (Elf:2)
  2 tarantellas (Vaults:2)
  11 redbacks
  Grum (D:11)
  A ynoxinul (D:10)
  4 wraiths
  2 hogs (Snake:2)
  2 fire bats (Lair:3)
  27 yaks
  A hog (shapeshifter) (D:14)
  2 basilisks
  4 fire elementals
  A wyvern (D:10)
  2 chaos spawn (Abyss:2)
  A minotaur simulacrum (D:14)
  3 steam dragons (Lair:6)
  Edmund (D:5)
  2 wargs
  A harpy simulacrum (D:14)
  17 water moccasins
  46 nagas
  6 hell hounds
  26 orc warriors
  3 black bears
  3 necrophages
  A wolf (shapeshifter) (Vaults:5)
  2 ogres
  15 wolves
  12 centaurs
  5 kobold brigands
  15 bullfrogs
  5 earth elementals
  A wyvern zombie (D:6)
  A deep troll simulacrum (D:14)
  A gnoll sergeant (D:11)
  6 scorpions
  3 small abominations (Abyss:2)
  18 wights
  26 killer bees
  3 lindwurm simulacra (D:14)
  5 howler monkeys
  An electric eel (Lair:3)
  A lava snake (Lair:3)
  4 centaur zombies
  2 bullfrog zombies (D:6)
  2 jellies
  A bullfrog skeleton (D:6)
  2 hounds
  21 orc priests
  A centaur skeleton (D:6)
  3 iguanas
  30 orc wizards
  A killer bee zombie (D:6)
  6 adders
  7 gnolls
  2 howler monkey skeletons
  A white imp (Abyss:2)
  3 ufetubi
  An adder skeleton (D:4)
  3 worms
  3 dart slugs
  90 orcs
  6 bats
  8 endoplasms
  5 giant cockroaches
  7 goblins
  6 hobgoblins
  4 jackals (D:2)
  17 kobolds
  3 quokkas
  9 ball pythons
  3 frilled lizards
  4 rats
  12 tentacles
1585 creatures vanquished.

Vanquished Creatures (others)
  Kirke (Snake:2)
  A wizard (Vaults:3)
  2 deep elf zephyrmancers
  3 humans (Snake:2)
  An orc (D:9)
  A goblin (D:1)
  31 fungi
  137 plants
  22 tentacles
  4 withered plants (Gauntlet)
203 creatures vanquished.

Grand Total: 1788 creatures vanquished

Notes
Turn   | Place    | Note
-------+----------+-------------------------------------------
     0 | D:1      | Anon1729 the Minotaur Monk began the quest for the Orb.
     0 | D:1      | Reached XP level 1. HP: 19/19 MP: 0/0
    88 | D:1      | Reached XP level 2. HP: 27/27 MP: 1/1
   165 | D:1      | Found a faded altar of an unknown god.
   178 | D:1      | Prayed at the altar of an unknown god.
   178 | D:1      | Became a worshipper of Dithmenos the Shadowed
   178 | D:1      | Reached * piety under Dithmenos
   178 | D:1      | Reached ** piety under Dithmenos
   336 | D:1      | Reached *** piety under Dithmenos
   337 | D:1      | Reached skill level 1 in Armour
   372 | D:1      | Reached XP level 3. HP: 18/33 MP: 2/2
  1601 | D:3      | Reached skill level 1 in Long Blades
  1601 | D:3      | Reached XP level 4. HP: 38/40 MP: 3/3
  2341 | D:4      | Noticed a scorpion
  2349 | D:4      | Killed a scorpion
  2350 | D:4      | Reached skill level 2 in Long Blades
  2350 | D:4      | Reached XP level 5. HP: 38/47 MP: 4/4
  2544 | D:4      | Reached **** piety under Dithmenos
  3069 | D:5      | Entered Level 5 of the Dungeon
  3233 | D:5      | Noticed Edmund
  3243 | D:5      | Killed Edmund
  3244 | D:5      | Reached skill level 5 in Fighting
  3244 | D:5      | Reached skill level 3 in Long Blades
  3244 | D:5      | Reached XP level 6. HP: 24/56 MP: 5/5
  3556 | D:5      | HP: 2/56 [something (15)]
  3941 | D:5      | Found a radiant altar of Vehumet.
  3950 | D:5      | Reached skill level 4 in Long Blades
  4050 | D:5      | Reached XP level 7. HP: 54/61 MP: 6/6
  4510 | D:6      | Found a staircase to the Ecumenical Temple.
  4530 | Temple   | Entered the Ecumenical Temple
  4541 | D:6      | Noticed Maggie
  4780 | D:6      | Killed Maggie
  4781 | D:6      | Reached skill level 5 in Long Blades
  4862 | D:6      | Reached skill level 5 in Dodging
  5012 | D:6      | Reached XP level 8. HP: 65/70 MP: 7/7
  5035 | D:6      | Reached skill level 6 in Long Blades
  5289 | D:6      | Reached skill level 5 in Armour
  5696 | D:6      | Reached skill level 7 in Long Blades
  5860 | D:6      | Reached XP level 9. HP: 78/78 MP: 8/8
  5907 | D:6      | Found Fethrum's Antique Weapon Boutique.
  5918 | D:6      | Reached skill level 8 in Long Blades
  6079 | D:6      | Identified a scroll of acquirement
  6130 | D:7      | Found a stormy altar of Qazlal.
  6158 | D:7      | Reached skill level 5 in Stealth
  6683 | D:7      | Found Touf Qyq's Assorted Antiques.
  6689 | D:7      | Bought a scroll labelled EJU GAN BOL for 28 gold pieces
  6697 | D:7      | Found Puoceefu's General Store.
  6702 | D:7      | Bought a potion of degeneration for 15 gold pieces
  6702 | D:7      | Bought a potion of heal wounds for 75 gold pieces
  6778 | D:7      | Found Sefoy's Magic Scroll Boutique.
  6783 | D:7      | Bought a scroll of blinking for 105 gold pieces
  6783 | D:7      | Bought a scroll of identify for 28 gold pieces
  6784 | D:7      | Bought a scroll of identify for 28 gold pieces
  6784 | D:7      | Bought a scroll of identify for 28 gold pieces
  6981 | D:8      | Noticed a two-headed ogre
  6987 | D:8      | Killed a two-headed ogre
  6988 | D:8      | Reached skill level 9 in Long Blades
  7065 | D:8      | Found a hazy altar of Hepliaklqana.
  7071 | D:8      | Found a broken altar of Ashenzari.
  7071 | D:8      | Found a shimmering altar of Xom.
  7073 | D:8      | Found a basalt altar of Yredelemnul.
  7085 | D:8      | Reached XP level 10. HP: 73/88 MP: 9/9
  7111 | D:8      | Reached skill level 10 in Long Blades
  7382 | D:8      | Reached ***** piety under Dithmenos
  7565 | D:8      | Found a staircase to the Lair.
  7968 | D:9      | Noticed Psyche
  7978 | D:9      | Killed Psyche
  8023 | D:9      | Noticed a two-headed ogre
  8029 | D:9      | Killed a two-headed ogre
  8030 | D:9      | Reached skill level 11 in Long Blades
  8042 | D:9      | Noticed Pikel
  8049 | D:9      | Killed Pikel
  8355 | D:9      | Noticed Erolcha
  8361 | D:9      | Reached XP level 11. HP: 90/97 MP: 10/10
  8377 | D:9      | Cast into level 1 of the Abyss (Erolcha)
  8434 | Abyss:1  | Noticed a large abomination
  8437 | Abyss:1  | Noticed a spatial maelstrom
  8472 | Abyss:1  | Noticed a spatial maelstrom
  8484 | Abyss:1  | Noticed a great orb of eyes
  8495 | Abyss:1  | Noticed an orc sorcerer
  8496 | Abyss:1  | Noticed a great orb of eyes
  8498 | Abyss:1  | Killed an orc sorcerer
  8504 | Abyss:1  | Killed a great orb of eyes
  8513 | Abyss:1  | Noticed a wolf spider
  8536 | Abyss:1  | Noticed a glowing orange brain
  8544 | Abyss:1  | Killed a glowing orange brain
  8545 | Abyss:1  | Reached skill level 12 in Long Blades
  8548 | D:9      | Escaped the Abyss
  8554 | D:9      | Killed Erolcha
  8853 | D:9      | Noticed a rakshasa
  8860 | D:9      | Found a transporter.
  8911 | D:9      | Found a transporter.
  8932 | D:9      | Found a one-way gate to the infinite horrors of the Abyss.
  8932 | D:9      | Noticed Stil's ghost (novice DrCA)
  8963 | D:9      | Noticed a glowing orange brain
  9190 | D:9      | Identified the ring of Honesty {EV+4 Str+2}
  9351 | D:10     | Entered Level 10 of the Dungeon
  9487 | D:10     | Noticed a two-headed ogre
  9493 | D:10     | Killed a two-headed ogre
  9537 | D:10     | Noticed Sonja
  9551 | D:10     | Killed Sonja
  9810 | D:10     | Found a bloodstained altar of Trog.
  9861 | D:10     | Found a shimmering blue altar of Sif Muna.
  9865 | D:10     | Got Sif Muna's Disquisition on Captivating Black Rituals
  9889 | D:10     | Found a blossoming altar of Fedhas.
  9986 | D:10     | Reached skill level 10 in Fighting
 10056 | D:10     | Noticed Fannar
 10067 | D:10     | Killed Fannar
 10457 | D:11     | Reached skill level 13 in Long Blades
 10792 | D:11     | Noticed a centaur warrior
 10802 | D:11     | Killed a centaur warrior
 10807 | D:11     | Noticed Grum
 10822 | D:11     | Killed Grum
 10862 | D:11     | Reached XP level 12. HP: 107/107 MP: 11/11
 11000 | D:11     | Found a staircase to the Orcish Mines.
 11009 | Orc:1    | Entered Level 1 of the Orcish Mines
 11603 | D:11     | Found an opulent altar of Gozag.
 11670 | D:11     | Found Daos's General Store.
 12921 | D:11     | Reached skill level 10 in Armour
 13102 | D:12     | Noticed a four-headed hydra
 13104 | D:12     | Noticed Azrael
 13332 | D:11     | Killed Azrael
 13333 | D:11     | Reached skill level 14 in Long Blades
 13598 | D:12     | Noticed a boulder beetle
 13612 | D:12     | Killed a boulder beetle
 13613 | D:12     | Reached skill level 10 in Dodging
 13648 | D:12     | Reached ****** piety under Dithmenos
 13775 | D:12     | Noticed Rupert
 13794 | D:12     | Killed a one-headed hydra
 13816 | D:12     | Killed Rupert
 14152 | D:12     | Noticed a two-headed ogre
 14158 | D:12     | Killed a two-headed ogre
 14308 | D:12     | Noticed a boulder beetle
 14320 | D:12     | Killed a boulder beetle
 14388 | D:12     | Noticed Snorg
 14393 | D:12     | Killed Snorg
 14609 | Lair:1   | Entered Level 1 of the Lair of Beasts
 14628 | Lair:1   | Reached skill level 15 in Long Blades
 14709 | Lair:1   | Noticed an eight-headed hydra
 14711 | Lair:1   | Reached XP level 13. HP: 105/116 MP: 12/12
 14742 | Lair:1   | Noticed Gastronok
 15183 | Lair:1   | Killed Gastronok
 16014 | Lair:2   | Noticed Erica
 16025 | Lair:2   | Killed Erica
 16147 | Lair:2   | Noticed Harold
 16157 | Lair:2   | Killed Harold
 16202 | Lair:2   | Found a dark tunnel.
 16250 | Volcano  | Entered a volcano
 16309 | Volcano  | Reached skill level 16 in Long Blades
 17505 | Lair:3   | Noticed Urug
 17513 | Lair:3   | Killed Urug
 17559 | Lair:3   | Noticed a minotaur
 17569 | Lair:3   | Noticed Illot's ghost (adept MfTm)
 17679 | Lair:3   | Found a runed translucent gate.
 17680 | Lair:3   | Found a runed translucent gate.
 17681 | Lair:3   | Found a runed translucent gate.
 18274 | Lair:3   | Killed a minotaur
 18371 | Lair:3   | Killed Illot's ghost
 18799 | Lair:4   | Reached XP level 14. HP: 122/127 MP: 13/13
 18924 | Lair:4   | Found a staircase to the Shoals.
 18931 | Lair:4   | Found a gate leading to a gauntlet.
 18940 | Gauntlet | Entered a Gauntlet
 18940 | Gauntlet | Found a transporter.
 18940 | Gauntlet | Found a transporter.
 19000 | Gauntlet | Found a transporter.
 19000 | Gauntlet | Found a transporter.
 19011 | Gauntlet | Found a transporter.
 19018 | Gauntlet | Found a transporter.
 19028 | Gauntlet | Found a transporter.
 19028 | Gauntlet | Found a transporter.
 19031 | Gauntlet | Found a transporter.
 19058 | Gauntlet | Found a transporter.
 19065 | Gauntlet | Found a transporter.
 19108 | Gauntlet | Found a transporter.
 19118 | Gauntlet | Found a transporter.
 19132 | Gauntlet | Found a transporter.
 19234 | Gauntlet | Found a transporter.
 19248 | Gauntlet | Found a transporter.
 19437 | Gauntlet | Reached skill level 17 in Long Blades
 19520 | Gauntlet | Identified the amulet of Achaih {Reflect +Blink +Inv Dex+4
                  | SH+5}
 19537 | Gauntlet | Identified the +1 cloak "Nypeonab" {Str+3}
 19894 | Lair:4   | Found a staircase to the Snake Pit.
 20725 | Lair:5   | Reached skill level 10 in Stealth
 21897 | Lair:6   | Entered Level 6 of the Lair of Beasts
 21969 | Lair:6   | Reached skill level 1 in Invocations
 22416 | Lair:6   | Reached skill level 18 in Long Blades
 22616 | Lair:6   | Got the Handbook of the Floating Snowflakes
 22963 | Lair:6   | Reached XP level 15. HP: 122/136 MP: 14/16
 23049 | Lair:6   | Found a staircase to the Slime Pits.
 24253 | Orc:2    | Entered Level 2 of the Orcish Mines
 24353 | Orc:2    | Found a staircase to the Elven Halls.
 24375 | Orc:2    | Found Sisergh's Armour Emporium.
 24390 | Orc:2    | Gained mutation: Armour fits poorly on your strangely
                  | shaped body. [a neqoxec]
 24392 | Orc:2    | Gained mutation: Your body sometimes deteriorates upon
                  | taking damage. [a neqoxec]
 24778 | Orc:2    | Found Axtanuc's Distillery.
 24823 | Orc:2    | Bought a potion of flight for 42 gold pieces
 24823 | Orc:2    | Bought a potion of mutation for 112 gold pieces
 24823 | Orc:2    | Bought a potion of heal wounds for 70 gold pieces
 24823 | Orc:2    | Bought a potion of curing for 42 gold pieces
 25415 | Orc:2    | Noticed an orc warlord
 25475 | Orc:2    | Killed an orc warlord
 25708 | Orc:2    | Found Afamyh's Antique Weapon Boutique.
 25712 | Orc:2    | Found Vune's Antique Armour Shop.
 26058 | Orc:2    | Found Qinizaex's Book Shop.
 26485 | Elf:1    | Entered Level 1 of the Elven Halls
 26729 | D:12     | Reached skill level 5 in Invocations
 27525 | D:13     | Found a gate to the Vaults.
 27709 | D:13     | Reached skill level 19 in Long Blades
 27720 | D:13     | Identified the +0 ring mail "Cett" {Drain Will+ Int+5
                  | Slay+3}
 27947 | D:14     | Noticed Frances
 27963 | D:14     | Killed Frances
 28301 | D:14     | You fall into a shaft and drop 1 floor!
 28301 | D:15     | Entered Level 15 of the Dungeon
 28470 | D:14     | Identified Roxanne's Compendium of Moulding
 28470 | D:14     | Noticed Roxanne
 28479 | D:14     | Found a frozen archway.
 28645 | IceCv    | Entered an ice cave
 29003 | IceCv    | Reached XP level 16. HP: 147/147 MP: 19/19
 29363 | IceCv    | Noticed a shard shrike
 29383 | IceCv    | Killed a shard shrike
 29659 | IceCv    | Identified the +3 pair of gloves of the Spider Nest {rN+
                  | Str-3 Int+5}
 29667 | IceCv    | Identified the ring "Tughuad" {Ice rElec rN++ Str-5 Stlth+}
 31141 | D:14     | Found a portal to a secret trove of treasure.
 31235 | D:15     | Found a staircase to the Depths.
 31239 | D:15     | Cast into level 2 of the Abyss (a wizard)
 31441 | Abyss:2  | Noticed a lich
 31445 | Abyss:2  | HP: 3/147 [daeva (11)]
 31475 | Abyss:2  | Killed a lich
 31476 | Abyss:2  | Reached skill level 20 in Long Blades
 31480 | D:15     | Escaped the Abyss
 32343 | D:15     | Reached skill level 15 in Fighting
 32950 | Elf:1    | Got the Compendium of Damage Dealing
 34457 | Elf:2    | Reached XP level 17. HP: 156/156 MP: 22/22
 34553 | Elf:2    | Found a runed translucent gate.
 34553 | Elf:2    | Found a runed translucent gate.
 34554 | Elf:2    | Found a runed translucent gate.
 34795 | Elf:2    | Found a shimmering blue altar of Sif Muna.
 34804 | Elf:2    | Noticed a deep elf blademaster
 35157 | Elf:2    | Reached skill level 15 in Armour
 35922 | Elf:2    | Killed a deep elf blademaster
 36623 | Elf:2    | Reached skill level 10 in Invocations
 37034 | Elf:3    | Entered Level 3 of the Elven Halls
 37063 | Elf:3    | Reached skill level 21 in Long Blades
 37280 | Elf:3    | Found Suplis's Book Shoppe.
 37280 | Elf:3    | Found Fipec's Distillery.
 37288 | Elf:3    | Bought a potion of heal wounds for 85 gold pieces
 37288 | Elf:3    | Bought a potion of haste for 170 gold pieces
 37288 | Elf:3    | Bought a potion of curing for 51 gold pieces
 37288 | Elf:3    | Bought a potion of curing for 51 gold pieces
 37288 | Elf:3    | Bought a potion of attraction for 51 gold pieces
 37288 | Elf:3    | Bought a potion of ambrosia for 136 gold pieces
 37783 | Elf:3    | Noticed a deep elf blademaster
 37795 | Elf:3    | Killed a deep elf blademaster
 37819 | Elf:3    | Noticed a deep elf master archer
 37823 | Elf:3    | Noticed a deep elf blademaster
 37825 | Elf:3    | Noticed a Hell Sentinel
 37827 | Elf:3    | Noticed a deep elf blademaster
 37830 | Elf:3    | Killed a deep elf master archer
 38157 | Elf:3    | Killed a deep elf blademaster
 38321 | Elf:3    | Reached XP level 18. HP: 52/166 MP: 25/25
 39073 | Elf:3    | Identified the amulet "Dibu" {Faith +Inv rPois rF+ Will+}
 39404 | Elf:3    | Identified the ring of Enaikeergh {rF+ rC+}
 39425 | Elf:3    | Cast into level 2 of the Abyss (a deep elf sorcerer)
 39425 | Abyss:2  | Found a corrupted altar of Lugonu.
 39574 | Elf:3    | Escaped the Abyss
 39698 | Elf:3    | Identified the +6 lajatang "Gilil" {distort, rCorr Str+5
                  | Dex+3}
 39720 | Elf:3    | Identified the ring "Xuskikokh" {Str+4 SInv}
 40414 | Elf:3    | Got the Tome of Contamination and Flames
 41022 | Shoals:1 | Entered Level 1 of the Shoals
 41052 | Shoals:1 | Reached skill level 15 in Dodging
 41151 | Shoals:1 | Reached skill level 22 in Long Blades
 42268 | Shoals:2 | Acquired a +0 kite shield of protection
 42269 | Shoals:2 | Acquired the +5 crystal plate armour of Hangman {rC+
                  | Stlth+}
 43557 | Shoals:3 | Found Ipoetaes's Armour Shop.
 43903 | Shoals:3 | Reached XP level 19. HP: 162/174 MP: 27/27
 43963 | Shoals:3 | Noticed Polyphemus
 44427 | Shoals:3 | Killed Polyphemus
 45039 | Shoals:4 | Entered Level 4 of the Shoals
 45468 | Shoals:4 | Identified the +0 ring mail of the Silversmith {rN++}
 45959 | Shoals:4 | Found Alurhuif's Weapon Shop.
 46766 | Shoals:4 | Noticed Aizul
 46782 | Shoals:4 | Killed Aizul
 47505 | Shoals:4 | Got a barnacled rune of Zot
 48142 | D:14     | You paid a toll of a +8 demon whip to enter a treasure
                  | trove
 48143 | Trove    | Entered a treasure trove
 48147 | Trove    | Identified the ring "Abletim" {rPois rF+ Will+ rCorr}
 48149 | Trove    | Identified the amulet "Imupau" {Faith Drain rPois rCorr
                  | Int+3}
 48150 | Trove    | Identified the amulet "Ujiajud" {RegenMP rN+}
 48151 | Trove    | Identified the ring "Cagivug" {Fly Will+ Int+3}
 48156 | Trove    | Identified the ring "Leelien" {rN+ Str+3 Int+7 Dex+2}
 48157 | Trove    | Identified the amulet of Liberty {Faith rF+ rC- rN+ Int+4}
 48158 | Trove    | Identified the ring "Vufusodgh" {rElec rN+ rCorr Str+7
                  | Int-3}
 48160 | Trove    | Identified the ring of Birdsong {rN+ Will+ rCorr}
 48162 | Trove    | Identified the ring "Otiukeg" {Will+ MP+9}
 48346 | D:14     | Killed Roxanne
 48774 | Snake:1  | Entered Level 1 of the Snake Pit
 48951 | Snake:1  | Noticed Donald
 48964 | Snake:1  | Killed Donald
 49583 | Snake:1  | Noticed Mlioglotl
 49593 | Snake:1  | Killed Mlioglotl
 49594 | Snake:1  | Reached skill level 23 in Long Blades
 50859 | Snake:2  | Noticed Kirke
 50903 | Snake:2  | Killed Kirke
 51840 | Snake:3  | Found a basalt altar of Yredelemnul.
 51917 | Snake:3  | Found a runed translucent gate.
 51918 | Snake:3  | Found a runed translucent gate.
 51920 | Snake:3  | Found a runed translucent gate.
 51920 | Snake:3  | Found an opulent altar of Gozag.
 51920 | Snake:3  | Found Qewn's Assorted Antiques.
 51921 | Snake:3  | Noticed sanka's ghost (adept PaAK)
 52595 | Snake:4  | Entered Level 4 of the Snake Pit
 52992 | Snake:4  | Reached XP level 20. HP: 144/172 MP: 29/29
 55010 | Snake:4  | Got a serpentine rune of Zot
 55807 | Vaults:1 | Entered Level 1 of the Vaults
 56477 | Vaults:1 | You fall into a shaft and drop 1 floor!
 56562 | Vaults:2 | Reached skill level 24 in Long Blades
 56681 | Vaults:2 | Found a staircase to the Crypt.
 56681 | Vaults:2 | Found an ancient bone altar of Kikubaaqudgha.
 56681 | Vaults:2 | Found a basalt altar of Yredelemnul.
 57077 | Vaults:2 | Reached skill level 15 in Invocations
 57536 | Vaults:2 | Found a runed translucent gate.
 57536 | Vaults:2 | Found a runed translucent gate.
 57536 | Vaults:2 | Found a runed translucent gate.
 57536 | Vaults:2 | Found an ancient bone altar of Kikubaaqudgha.
 57536 | Vaults:2 | Noticed kae's ghost (adept DrTm)
 57537 | Vaults:2 | Noticed a dread lich
 57537 | Vaults:2 | Noticed Tungsten's ghost (adept SpEn)
 58345 | Vaults:3 | Reached XP level 21. HP: 186/194 MP: 31/31
 59764 | Vaults:2 | Killed a dread lich
 59808 | Vaults:2 | Killed kae's ghost
 59817 | Vaults:2 | Killed Tungsten's ghost
 59831 | Vaults:2 | Identified the amulet of the Crushing Madman {Spirit Contam
                  | rF+++ Int+4 Dex-4}
 59835 | Vaults:2 | Identified the +3 pair of boots "Iphoet" {+Blink rElec}
 60357 | Vaults:3 | Identified the +0 war axe of Osoanuta {vorpal, Stlth+}
 62333 | Vaults:4 | Reached skill level 25 in Long Blades
 63005 | Vaults:4 | Lost mutation: Your body sometimes deteriorates upon taking
                  | damage. [potion of mutation]
 63005 | Vaults:4 | Lost mutation: Armour fits poorly on your strangely shaped
                  | body. [potion of mutation]
 63005 | Vaults:4 | Gained mutation: You are agile. (Dex +2) [potion of
                  | mutation]
 63005 | Vaults:4 | Gained mutation: You sometimes lose the ability to read
                  | scrolls when taking damage. [potion of mutation]
 63005 | Vaults:4 | Gained mutation: You are partially covered in iridescent
                  | scales. (AC +2) [potion of mutation]
 63006 | Vaults:4 | Lost mutation: You are partially covered in iridescent
                  | scales. (AC +2) [potion of mutation]
 63006 | Vaults:4 | Lost mutation: You are agile. (Dex +2) [potion of mutation]
 63006 | Vaults:4 | Gained mutation: You are frail. (-10% HP) [potion of
                  | mutation]
 63006 | Vaults:4 | Gained mutation: You are agile. (Dex +2) [potion of
                  | mutation]
 63007 | Vaults:4 | Lost mutation: You are frail. (-10% HP) [potion of
                  | mutation]
 63007 | Vaults:4 | Lost mutation: You sometimes lose the ability to read
                  | scrolls when taking damage. [potion of mutation]
 63007 | Vaults:4 | Gained mutation: You have a pair of large horns on your
                  | head. [potion of mutation]
 63007 | Vaults:4 | Gained mutation: Your muscles are strong. (Str +2) [potion
                  | of mutation]
 63473 | Vaults:5 | Entered Level 5 of the Vaults
 63971 | Vaults:4 | Reached XP level 22. HP: 101/204 MP: 33/33
 64408 | Vaults:5 | HP: 10/200 [tengu reaver/bolt of lightning (12)]
 64414 | Vaults:5 | Killed from afar by a quicksilver dragon

Illustrated notes

Levels and vault maps discovered:
D:1:      dpeg_arrival_rhombi, layout_basic,
          hellmonk_ecumenical_altar_crossroads
D:2:      layout_basic, serial_rivers, chequers_serial_rivers_micro_a,
          chequers_serial_rivers_micro_c, chequers_serial_rivers_large_b,
          chequers_serial_rivers_small_b, chequers_serial_rivers_small_3,
          chequers_serial_rivers_room_a, roderic_st_hans_cross,
          minmay_worlds_worst_comb
D:3:      layout_rooms
D:4:      cheibrodos_old_hovel, layout_loops_ring, kennysheep_generic_room_5
D:5:      layout_basic, nicolae_vehumet_altar_sigil, lemuel_flame_loot_1,
          uniq_edmund
D:6:      wad_guarded_room, layout_basic, minmay_temple_entry_drinking_statues,
          serial_shops, nicolae_shop_trees, uniq_maggie
D:7:      layout_basic, nicolae_qazlal_scattered_showers, serial_shops,
          nicolae_shop_stone, shop, shop, minivault_1
D:8:      layout_loops_cross, grunt_temple_overflow_open, lair_entry_dummy
D:9:      layout_roguey, gammafunk_ghost_abyssal_escape, minivault_7,
          uniq_psyche, uniq_pikel, uniq_erolcha
D:10:     layout_roguey, nzn_overflow_gifts_of_might_and_magic,
          fedhas_ov_isle_minmay, uniq_sonja, uniq_fannar
D:11:     layout_stronghold, david_orc_4, minivault_1, nicolae_take_the_stairs,
          grunt_gozag_breadcrumbs, uniq_grum
D:12:     layout_basic, einodemon_armed_red_devil_minivault, uniq_rupert,
          uniq_azrael, uniq_snorg
D:13:     layout_loops_cross, david_vaults_1, elves_outpost_lemuel
D:14:     layout_long_grid, portal_ice_cave_entry_ice_simulacra,
          infiniplex_staircase_diamond, trove_entry_hex_spiral,
          chequers_mini_garden, uniq_roxanne, uniq_frances
D:15:     hangedman_depths_entry_civil_slaughter, layout_loops_ring,
          minmay_tree_intersection, statue_in_the_mist_lemuel
Temple:   nicolae_temple_figure_eight
Lair:1:   layout_cave_pods, grunt_megastairs_4, uniq_gastronok
Lair:2:   layout_layer_cave, nicolae_volcano_entry_lava_flow,
          lemuel_old_faithful, uniq_erica, uniq_harold
Lair:3:   layout_gridlike, maelrawn_ghost_gauntlet_escape, lemuel_fruit_tree,
          uniq_urug
Lair:4:   layout_layer_cave, elwin_shoals_entry_rocks, dummy_snake_entry,
          gauntlet_entry_generic, serial_bayou_shore_a, grunt_megastairs_2
Lair:5:   layout_long_grid, infiniplex_staircase_pool
Lair:6:   gammafunk_lair_ancient_temple, layout_loops_ring,
          minmay_slime_entry_oklob_open, st_stairs_5
Shoals:1: layout_shoals
Shoals:2: layout_shoals, st_shoals_ruin
Shoals:3: layout_shoals, serial_shops, shop, nicolae_shoals_kraken_intersection,
          uniq_polyphemus
Shoals:4: shoals_end_grunt_ice, layout_shoals, serial_shops,
          nicolae_shop_bloodbath_and_beyond, uniq_aizul
Snake:1:  layout_layer_cave, grunt_megastairs_3, uniq_donald, uniq_mlioglotl
Snake:2:  layout_onion_interference, uniq_kirke
Snake:3:  layout_layer_cave, basic_altar, ebering_ghost_gozag
Snake:4:  grunt_snake_rune_pools, layout_cave_town
Orc:1:    layout_caves
Orc:2:    grunt_orc_community_town_hall, layout_caves,
          grunt_orc_community_big_house_1, grunt_orc_community_big_house_2,
          grunt_orc_community_house_1, grunt_orc_community_house_1,
          grunt_orc_community_house_2, grunt_orc_community_house_3,
          grunt_orc_community_house_3, serial_shops, nicolae_shop_waterfront,
          kennysheep_orc_chapel
Elf:1:    elf_arrival_001, layout_loops_corners, minmay_elf_annihilation
Elf:2:    elven_hall_of_blades_hangedman_original
          [nicolae_blade_entry_crossed_weapons], layout_loops_cross,
          guppyfry_elf_altar
Elf:3:    minmay_elf_hall_four_x, layout_gridlike, st_stairs_11,
          dk_noncrumbling_4, minmay_shoptagon
Vaults:1: v_misc_23, ontoclasm_vaults_loading_screen,
          nicolae_vaults_yaktaur_gun_rack, v_misc_22, hangedman_vaults_cutoff,
          dpeg_vaults_waves, v_misc_15, v_misc_18, v_misc_16,
          ontoclasm_vaults_bender, vaults_dpeg_cross,
          vaults_mumra_minichess_inversion, vaults_room_hallway,
          layout_vaults_omnibox
Vaults:2: gammafunk_ghost_crypt, nicolae_vaults_network_barrier,
          minmay_crypt_entry_necro_gods, ontoclasm_vaults_fault,
          hangedman_vaults_stretched_pinwheel, v_misc_16,
          nicolae_vaults_network_star, v_pattern_4, nicolae_vaults_big_ls,
          vaults_room_stairs_pillars, ontoclasm_vaults_ring_small,
          layout_vaults_big_cross
Vaults:3: v_alt_pattern_1, nicolae_vaults_theta, nicolae_vaults_rhombus_6,
          ontoclasm_vaults_eye, v_misc_27, nicolae_vaults_network_periphery,
          v_alt_pattern_4, nicolae_vaults_statue_guard,
          ontoclasm_vaults_shuriken, vaults_mumra_minichess,
          layout_vaults_omnigrid
Vaults:4: ontoclasm_vaults_claustrophobia, st_check, v_alt_pattern_1,
          grunt_vaults_focal, nicolae_vaults_three_branches, v_misc_32,
          nicolae_vaults_puzzle_piece, vaults_mumra_hex,
          layout_vaults_chaotic_city
Vaults:5: serial_shops

Skill      XL: |  1  2  3  4  5  6  7  8  9 10 11 12 13 14 15 16 17 18 19 20 21 |
---------------+----------------------------------------------------------------+-----
Armour         | 1 2 3 4 5 7 8 9 11 12 13 14 15 16 17 18 | 18.6
Fighting       | 4 5 6 8 9 10 11 12 13 14 15 16 17 18 | 18.9
Stealth        | 2 3 4 5 6 7 8 9 10 11 12 13 14 | 14.7
Long Blades    | 1 2 3 4 5 7 9 11 13 15 16 18 19 20 21 22 23 24 25 | 25.4
Dodging        | 4 5 6 7 8 9 10 11 12 13 14 15 16 17 | 17.4
Invocations    | 2 6 9 10 12 13 15 16 | 16.6
Short Blades   | |  0.2
Axes           | |  3.9

Action                   |  1- 3 |  4- 6 |  7- 9 | 10-12 | 13-15 | 16-18 | 19-21 | 22-24 || total
-------------------------+-------+-------+-------+-------+-------+-------+-------+-------++-------
Melee: Hand axe          |    53 |       |       |       |       |       |       |       ||    53
       Headbutt          |    18 |    19 |    49 |   117 |   287 |   290 |   470 |    17 ||  1267
       Dagger            |    49 |       |       |       |       |       |       |       ||    49
       Long sword        |       |   100 |    28 |       |       |       |       |       ||   128
       Unarmed           |       |       |    11 |       |       |       |     2 |       ||    13
       Scimitar          |       |       |   132 |    90 |    16 |       |       |       ||   238
       Falchion          |       |       |     5 |       |       |       |       |       ||     5
       Great sword       |       |       |       |   305 |   949 |  1046 |  1466 |    47 ||  3813
Throw: Throwing net      |       |       |       |       |       |     1 |       |       ||     1
Invok: Shadow Step       |       |       |       |       |       |       |     2 |       ||     2
Evoke: Wand              |       |       |     3 |     8 |     4 |     7 |     2 |     1 ||    25
       Condenser vane    |       |       |       |       |       |       |       |     1 ||     1
  Use: Scroll            |       |       |    10 |     5 |    10 |    12 |     3 |     2 ||    42
       Potion            |       |       |       |     4 |     1 |     5 |     3 |     5 ||    18
 Stab: Sleeping          |     1 |       |     6 |    22 |    63 |    37 |    61 |       ||   190
       Confused          |       |       |     2 |       |       |       |       |       ||     2
       Paralysed         |       |       |       |     3 |       |       |       |       ||     3
       Distracted        |       |       |       |     3 |     5 |    19 |     8 |       ||    35
       Petrified         |       |       |       |       |     3 |       |       |       ||     3
Armor: Robe              |     7 |       |       |       |       |       |       |       ||     7
       Chain mail        |    31 |    43 |     1 |       |       |       |       |       ||    75
       Acid dragon scale |       |       |    29 |    96 |    33 |       |       |       ||   158
       Scale mail        |       |       |       |       |   207 |   197 |   356 |       ||   760
       Crystal plate arm |       |       |       |       |       |     5 |       |       ||     5
       Shadow dragon sca |       |       |       |       |       |       |     2 |    13 ||    15
Dodge: Dodged            |    75 |    90 |   162 |   422 |   957 |   834 |  1319 |    31 ||  3890
Block: Other             |       |    21 |    52 |    85 |   179 |   166 |   288 |     2 ||   793
       Reflection        |       |     1 |       |     3 |     4 |    11 |    21 |       ||    40

Table legend: (Time is in decaauts)
 A = Elapsed time spent in this place.
 B = Non-inter-level travel time spent in this place.
 C = Inter-level travel time spent in this place.
 D = Time resting spent in this place.
 E = Time spent auto-exploring this place.
 F = Levels seen in this place.
 G = Mean time per level.
                   A        B        C        D        E       F      G
               +--------+--------+--------+--------+--------+-----+--------+
         Total |  64116 |  60594 |   3522 |  14583 |  34944 |  47 | 1364.2 |
       Dungeon |  19294 |  17520 |   1774 |   3664 |  11073 |  15 | 1286.3 |
        Temple |    212 |    203 |      9 |      0 |    198 |   1 |  212.0 |
          Lair |   8832 |   8094 |    738 |   1443 |   5102 |   6 | 1472.0 |
        Shoals |   7065 |   6871 |    194 |   2121 |   3392 |   4 | 1766.2 |
     Snake Pit |   6605 |   6416 |    189 |   1401 |   4068 |   4 | 1651.2 |
  Orcish Mines |   2733 |   2589 |    144 |    445 |   1648 |   2 | 1366.5 |
   Elven Halls |   7798 |   7508 |    290 |   3061 |   3048 |   3 | 2599.3 |
        Vaults |   8385 |   8204 |    181 |   1684 |   5178 |   5 | 1677.0 |
         Abyss |    544 |    544 |      0 |      0 |    191 |   3 |  181.3 |
         Trove |    141 |    141 |      0 |      0 |      0 |   1 |  141.0 |
      Ice Cave |   1454 |   1454 |      0 |    545 |    612 |   1 | 1454.0 |
       Volcano |    199 |    199 |      0 |      3 |    117 |   1 |  199.0 |
      Gauntlet |    848 |    848 |      0 |    214 |    315 |   1 |  848.0 |
               +--------+--------+--------+--------+--------+-----+--------+

Top non-repeatable levels by time:
   Elf:3: 3143 daAuts
   Elf:2: 2891 daAuts
Vaults:4: 2827 daAuts
Shoals:4: 2635 daAuts
 Snake:4: 2453 daAuts
Vaults:2: 2420 daAuts
    D:11: 2314 daAuts
 Snake:1: 1952 daAuts
    D:10: 1950 daAuts
   Orc:2: 1930 daAuts
Vaults:3: 1900 daAuts
   Elf:1: 1763 daAuts
  Lair:6: 1730 daAuts
     D:5: 1724 daAuts
Shoals:2: 1698 daAuts
